 Dungeon Crawl Stone Soup version 0.30-a0-652-gcc886f7154 (webtiles) character file.

Game seed: 8313219274209947083

156 Newt the Shooter (level 5, -2/33 HPs)
             Began as a Kobold Hunter on Jan 17, 2023.
             Slain by a black bear (10 damage)
             ... on level 4 of the Dungeon.
             The game lasted 00:02:21 (2447 turns).

Newt the Shooter (Kobold Hunter)                    Turns: 2447, Time: 00:02:21

Health: -2/33      AC:  4    Str:  8    XL:     5   Next: 64%
Magic:  5/5        EV: 14    Int: 10    God:
Gold:   146        SH:  0    Dex: 21    Spells: 4/4 levels left

rFire   . . .      SeeInvis .    a - +0 shortbow
rCold   . . .      Faith    .    (shield currently unavailable)
rNeg    . . .      Spirit   .    c - +1 leather armour
rPois   .          Reflect  .    (no helmet)
rElec   .          Harm     .    (no cloak)
rCorr   .          Rampage  .    (no gloves)
Will    .....                    (no boots)
Stlth   +++                      (no amulet)
HPRegen 0.25/turn                (no ring)
MPRegen 0.09/turn                (no ring)

@: no status effects
A: small, no large weapons, nightstalker 3
a: no special abilities


You were on level 4 of the Dungeon.
You visited 1 branch of the dungeon, and saw 4 of its levels.

You collected 146 gold pieces.

Inventory:

Hand Weapons
 a - a +0 shortbow (weapon)
Armour
 c - a +1 leather armour (worn)
Jewellery
 k - a ring of fire
Scrolls
 b - 2 scrolls of immolation
 e - 2 scrolls of enchant armour
 g - a scroll of fog
Potions
 d - a potion of resistance
 f - a potion of curing
 h - a potion of lignification
 i - a potion of flight {unknown}
 j - a potion of berserk rage {unknown}
 l - a potion of cancellation {unknown}


   Skills:
 - Level 4.0 Fighting
 + Level 7.1 Ranged Weapons
 - Level 2.4 Dodging
 - Level 3.0 Stealth


You had 4 spell levels left.
You didn't know any spells.
Your spell library contained the following spells:

 Spells                   Type           Power      Damage    Failure   Level
 Blink                    Tloc           0%         N/A       63%         2
 Lesser Beckoning         Tloc           0%         N/A       63%         2
 Momentum Strike          Conj/Tloc      0%         3d8       63%         2


Dungeon Overview and Level Annotations

Branches:
Dungeon (4/15)
 Temple: D:4-7

Altars:


Innate Abilities, Weirdness & Mutations

You are small and have problems with some larger weapons.
You are completely attuned to the shadows.


Message History

The black bear is heavily wounded.
You shoot an arrow. The arrow barely misses the black bear.
You shoot an arrow. The arrow hits the black bear.
The black bear is heavily wounded.
The black bear bites you. The black bear claws you.
The black bear closely misses you.
You shoot an arrow. The arrow barely misses the black bear.
The black bear closely misses you. The black bear barely misses you.
The black bear claws you but does no damage.
The black bear bites you but does no damage.
The black bear closely misses you.
The black bear claws you but does no damage.
You shoot an arrow. The arrow hits the black bear.
The black bear is severely wounded.
The black bear goes berserk!
You shoot an arrow.
The arrow hits the black bear but does no damage.
The black bear is severely wounded.
The black bear bites you! The black bear closely misses you.
The black bear barely misses you.
The black bear bites you but does no damage.
The black bear completely misses you. The black bear barely misses you.
You shoot an arrow.
The arrow hits the black bear but does no damage.
The black bear is severely wounded.
The black bear closely misses you.
The black bear claws you but does no damage.
The black bear claws you.
You are too injured to fight recklessly!
You shoot an arrow. The arrow barely misses the black bear.
The black bear closely misses you. The black bear claws you.
The black bear claws you but does no damage.
The black bear bites you. The black bear claws you. x2
* * * LOW HITPOINT WARNING * * *
You shoot an arrow. The arrow hits the black bear.
The black bear is severely wounded.
The black bear closely misses you.
The black bear claws you but does no damage.
The black bear misses you. The black bear bites you!
You die...

#...#....#.#
##.##..#.#
####..>#..#.#
#........†..#
#.##...#....#
# ##.##....#
#.##....#
###.##....#
#...^@....
.....##h..#
...... ...#
.##### .!.#
...#


You could see a black bear (berserk).

Vanquished Creatures
  An iguana (D:4)
  Jessica (D:2)
  3 adders
  A dart slug (D:3)
  An orc (D:3)
  9 endoplasms
  3 giant cockroaches
  7 goblins
  6 hobgoblins
  7 kobolds
  5 quokkas
  6 ball pythons
  2 bats (D:1)
  4 frilled lizards
  15 rats
71 creatures vanquished.

Notes
Turn   | Place    | Note
-------+----------+-------------------------------------------
     0 | D:1      | Newt the Kobold Hunter began the quest for the Orb.
     0 | D:1      | Reached XP level 1. HP: 12/12 MP: 1/1
   132 | D:1      | Reached XP level 2. HP: 17/17 MP: 2/2
   471 | D:1      | Reached XP level 3. HP: 22/22 MP: 3/3
  1029 | D:2      | Noticed Jessica
  1034 | D:2      | Killed Jessica
  1035 | D:2      | Reached XP level 4. HP: 23/29 MP: 4/4
  1141 | D:2      | Reached skill level 6 in Ranged Weapons
  1222 | D:2      | Reached XP level 5. HP: 33/33 MP: 5/5
  2422 | D:4      | Reached skill level 7 in Ranged Weapons
  2437 | D:4      | Noticed a black bear
  2447 | D:4      | Slain by a black bear

Illustrated notes

Levels and vault maps discovered:
D:1:      heliophobic_arrival_henge, layout_basic, minmay_misc_feat_nine_boxes
D:2:      layout_rooms, minmay_rat_gold_closets, uniq_jessica
D:3:      layout_basic
D:4:      minmay_octagon_keep, layout_loops_ring, nicolae_shop_gadgets

Skill      XL: |  1  2  3  4  5 |
---------------+----------------+-----
Stealth        | 2 3 |  3.0
Fighting       | 4 |  4.0
Ranged Weapons | 6 7 |  7.1
Dodging        | |  2.4

Action                   |  1- 3 |  4- 6 || total
-------------------------+-------+-------++-------
 Fire: Shortbow          |    70 |    82 ||   152
  Use: Scroll            |       |     8 ||     8
Armor: Leather armour    |     4 |    14 ||    18
Dodge: Dodged            |    22 |    39 ||    61

Table legend: (Time is in decaauts)
 A = Elapsed time spent in this place.
 B = Non-inter-level travel time spent in this place.
 C = Inter-level travel time spent in this place.
 D = Time resting spent in this place.
 E = Time spent auto-exploring this place.
 F = Levels seen in this place.
 G = Mean time per level.
                   A        B        C        D        E       F      G
               +--------+--------+--------+--------+--------+-----+--------+
         Total |   2486 |   2445 |     41 |      0 |   2134 |   4 |  621.5 |
       Dungeon |   2486 |   2445 |     41 |      0 |   2134 |   4 |  621.5 |
               +--------+--------+--------+--------+--------+-----+--------+

Top non-repeatable levels by time:
     D:1: 1044 daAuts
     D:3: 683 daAuts
     D:2: 603 daAuts
     D:4: 154 daAuts
